 Dungeon Crawl Stone Soup version 0.22.1-2-g9c5b331383 (webtiles) character file.

520 Adamkad1 the Shield-Bearer (level 7, -3/60 HPs)
             Began as a Hill Orc Fighter on Dec 12, 2018.
             Was a Believer of Beogh.
             Killed by nerve-wracking pain
             ... invoked by Menkaure
              (13 damage)
             ... on level 4 of the Dungeon.
             The game lasted 00:15:07 (4012 turns).

Adamkad1 the Shield-Bearer (Hill Orc Fighter)       Turns: 4012, Time: 00:15:08

Health: -3/60      AC:  7    Str: 21    XL:     7   Next: 21%
Magic:  7/7        EV:  8    Int:  8    God:    Beogh [**....]
Gold:   242        SH: 10    Dex: 10    Spells: 6/6 levels left

rFire    . . .     SeeInvis .   a - +0 flail
rCold    . . .     Gourm    .   c - +0 shield
rNeg     . . .     Faith    .   r - +0 ring mail
rPois    .         Spirit   .   (no helmet)
rElec    .         Reflect  .   (no cloak)
rCorr    .         Harm     .   (no gloves)
MR       .....                  h - +0 pair of boots
Stlth    ..........             (no amulet)
HPRegen  0.20/turn              (no ring)
MPRegen  0.10/turn              (no ring)

@: berserk cooldown, slowed, very slow
A: no striking features
a: Smiting, Renounce Religion


You were on level 4 of the Dungeon.
You worshipped Beogh.
Beogh was pleased with you.
You were hungry.

You visited 1 branch of the dungeon, and saw 4 of its levels.

You collected 242 gold pieces.

Inventory:

Hand Weapons
 a - a +0 flail (weapon)
 q - a +1 dagger of freezing
 u - a +0 hunting sling
Missiles
 i - 70 arrows
 j - 5 needles of confusion
 k - 8 javelins (quivered)
 m - 11 poisoned needles
Armour
 b - a +0 scale mail
 c - a +0 shield (worn)
 h - a +0 pair of boots (worn)
 r - a +0 ring mail (worn)
Jewellery
 w - a +2 ring of strength {unknown}
Scrolls
 d - a scroll of amnesia
 g - 2 scrolls of identify
 o - 2 scrolls of teleportation
 p - a scroll of fog
 v - a scroll of enchant armour {unknown}
 x - a scroll of blinking {unknown}
Potions
 e - a potion of curing
 l - 2 potions of flight
 n - a potion of magic
 s - 2 potions of heal wounds
Comestibles
 f - 10 rations


   Skills:
 + Level 4.7 Fighting
 * Level 4.5 Maces & Flails
 + Level 1.9 Throwing
 * Level 5.2 Armour
 * Level 5.3 Shields


You had 6 spell levels left.
You didn't know any spells.
Your spell library was empty.

Dungeon Overview and Level Annotations

Branches:
Dungeon (4/15)
 Temple: D:4-7

Altars:
Dithmenos
Xom
Zin

Annotations:
D:4 1 runed door, Menkaure


Message History

Your body is wracked with pain!
* * * LOW HITPOINT WARNING * * *
You block Menkaure's attack.
You hit Menkaure.
Menkaure is severely damaged.
You block Menkaure's attack.
You hit Menkaure but do no damage.
Menkaure is severely damaged.
You block Menkaure's attack.
Menkaure giggles, "These cerements are ticklish..."
You block Menkaure's attack.
You hit Menkaure.
Menkaure is severely damaged.
Menkaure points at you and mumbles some strange words.
You struggle to resist.
You hit Menkaure.
Menkaure is almost destroyed.
Menkaure points at you and mumbles some strange words.
Pain shoots through your body!
You die...

#.#.# #..# #.# # #.#.#..
#. #<.####.###
#.#.#..........>.......#
#.#.#...##...#######.###
# #.# #........ #.#.# ##
#.# #........#######.#.#
#. #.#
#................#.# #.
#.#
#......##########..####.
#.#
......M@................
#.#
#......##########.......
#.# #...... #....... #.#
#...... ###.#### #.#
########## #.# #.#
#........# #.#### #.#
#........# #.#... #.#
#........# #.#... #.#
#........# #.#...


You could see Menkaure.

Vanquished Creatures
  A sky beast (D:3)
  A scorpion (D:3)
  2 hounds (D:4)
  2 orc priests (D:3)
  An orc wizard (D:3)
  A worker ant (D:4)
  4 gnolls (D:3)
  6 adders
  3 oozes (D:3)
  3 worms
  2 dart slugs
  4 leopard geckos
  11 orcs
  8 bats
  5 giant cockroaches
  6 goblins
  8 hobgoblins
  4 jackals
  8 kobolds
  A quokka (D:2)
  2 ball pythons
  5 frilled lizards
  A jackal skeleton (D:4)
  8 rats
97 creatures vanquished.

Vanquished Creatures (others)
  An adder (D:3)
  A dart slug (D:3)
  A leopard gecko (D:3)
  2 orcs (D:3)
5 creatures vanquished.

Grand Total: 102 creatures vanquished

Notes
Turn   | Place    | Note
-------+----------+-------------------------------------------
     0 | D:1      | Adamkad1 the Hill Orc Fighter began the quest for the Orb.
     0 | D:1      | Reached XP level 1. HP: 19/19 MP: 1/1
   130 | D:1      | Reached XP level 2. HP: 27/27 MP: 2/2
  1025 | D:1      | Reached XP level 3. HP: 26/33 MP: 3/3
  1218 | D:2      | Found a faded altar of an unknown god.
  1423 | D:2      | Found a shimmering altar of Xom.
  1424 | D:2      | Found a glowing silver altar of Zin.
  1424 | D:2      | Noticed an angel
  1545 | D:3      | Reached XP level 4. HP: 40/40 MP: 4/4
  1729 | D:3      | Became a worshipper of Beogh the Brigand
  2203 | D:3      | Reached XP level 5. HP: 36/46 MP: 5/5
  2255 | D:3      | Reached * piety under Beogh
  2256 | D:3      | Reached skill level 1 in Throwing
  2598 | D:3      | Reached XP level 6. HP: 45/52 MP: 6/6
  3072 | D:4      | Noticed a sky beast
  3124 | D:3      | Killed a sky beast
  3124 | D:3      | Reached skill level 5 in Armour
  3124 | D:3      | Reached skill level 5 in Shields
  3417 | D:4      | Found a runed door.
  3458 | D:4      | Reached XP level 7. HP: 52/60 MP: 7/7
  3643 | D:4      | Noticed Menkaure
  3714 | D:3      | Reached ** piety under Beogh
  3756 | D:4      | Found a shadowy altar of Dithmenos.
  4012 | D:4      | Killed from afar by Menkaure

Skill      XL: |  1  2  3  4  5  6 |
---------------+-------------------+-----
Maces & Flails | 3 4 |  4.5
Shields        | 4 5 |  5.3
Armour         | 4 5 |  5.2
Fighting       | 4 |  4.7
Throwing       | 1 |  1.9

Action                   |  1- 3 |  4- 6 |  7- 9 || total
-------------------------+-------+-------+-------++-------
Melee: Flail             |   119 |   258 |    64 ||   441
Throw: Javelin           |     2 |    11 |     2 ||    15
Invok: Convert to Beogh  |       |     1 |       ||     1
  Use: Scroll            |     4 |     1 |       ||     5
       Potion            |     3 |     7 |     1 ||    11
  Eat: Chunk             |     2 |     6 |     2 ||    10
Armor: Scale mail        |    52 |       |       ||    52
       Ring mail         |    13 |   103 |    20 ||   136
Dodge: Dodged            |    43 |    66 |    32 ||   141
Block: Shield            |    79 |   124 |    50 ||   253
